 Dungeon Crawl Stone Soup version 0.30-a0-161-gdd60e06945 (webtiles) character file.

Game seed: 4590019727352780706

117872 qw the Severer (level 16, 0/104 HPs)
             Began as a Gargoyle Fighter on Sept 27, 2022.
             Was a High Priest of Okawaru.
             Slain by a thorn hunter (10 damage)
             ... on level 3 of the Swamp.
             The game lasted 00:10:46 (23644 turns).

qw the Severer (Gargoyle Fighter)                  Turns: 23644, Time: 00:10:47

Health: 0/104      AC: 43    Str: 29    XL:     16   Next: 75%
Magic:  18/23      EV: 15    Int:  8    God:    Okawaru [*****.]
Gold:   363        SH: 19    Dex: 12    Spells: 15/15 levels left

rFire   . . .      SeeInvis +    Y - +7 broad axe (chaos)
rCold   + + .      Faith    .    s - +0 kite shield of Music {Dex+3}
rNeg    + . .      Spirit   .    w - +3 plate armour
rPois   inf        Reflect  +    e - +2 helmet
rElec   +          Harm     .    k - +0 cloak
rCorr   .          Rampage  .    b - +0 pair of gloves of Cosostraof {rC++}
Will    +....                    C - +1 pair of boots {Stlth+}
Stlth   ..........               G - amulet of reflection
HPRegen 0.27/turn                g - ring of see invisible
MPRegen 0.18/turn                n - +4 ring of evasion

@: about to teleport, heroic, finesse-ful, flying
A: sickness immunity, AC +12, big wings, negative energy resistance 1,
electricity resistance, torment resistance 1, petrification resistance, noise
suppression
a: Renounce Religion, Heroism, Finesse, Duel


You were on level 3 of the Swamp.
You worshipped Okawaru.
Okawaru was extremely pleased with you.
You visited 5 branches of the dungeon, and saw 26 of its levels.
You visited the Abyss 1 time.

You collected 2632 gold pieces.
You spent 2269 gold pieces at shops.


Innate Abilities, Weirdness & Mutations

You are immune to sickness and miasma.
Your stone body is resilient. (AC +12)
You are immune to poison.
Your large and strong wings let you fly.
You resist negative energy. (rN+)
You are resistant to electric shocks. (rElec)
You are resistant to unholy torment.
You are immune to petrification.
You passively dampen the noise of your surroundings.


   Skills:
 - Level 13.0(18.0) Fighting
 + Level 17.0(22.0) Axes
 - Level 7.0(12.0) Throwing
 - Level 13.0(18.0) Armour
 - Level 4.2(9.2) Dodging
 - Level 13.0(18.0) Shields
 - Level 10.0 Invocations


You had 15 spell levels left.
You didn't know any spells.
Your spell library was empty.

Inventory:

Hand Weapons
 h - a +3 war axe of flaming
 Y - a +7 broad axe of chaos (weapon)
Missiles
 l - 11 javelins
 p - 12 boomerangs
 y - 6 silver boomerangs
 F - 2 silver javelins (quivered)
Armour
 b - the +0 pair of gloves of Cosostraof (worn) {rC++}
   (Okawaru gifted it to you on level 14 of the Dungeon)

   rC:        It greatly protects you from cold.
 c - a +1 pair of gloves of dexterity
 e - a +2 helmet (worn)
 k - a +0 cloak (worn)
 m - the +3 ring mail "Caeroucs" {Regen+ rCorr}
   (You found it on level 1 of the Swamp)

   Regen:     It increases your rate of health regeneration.
   rCorr:     It protects you from acid and corrosion.
 s - the +0 kite shield of Music (worn) {Dex+3}
   (Okawaru gifted it to you on level 2 of the Lair of Beasts)

   Dex:       It affects your dexterity (+3).
 w - a +3 plate armour (worn)
 C - a +1 pair of boots of stealth (worn)
Jewellery
 g - a ring of see invisible (left hand)
 n - a +4 ring of evasion (right hand)
 u - a ring of fire
 B - a ring of resist corrosion
 E - a +6 ring of strength
 G - an amulet of reflection (around neck)
Scrolls
 f - 13 scrolls of identify
 r - 5 scrolls of teleportation
Potions
 a - 7 potions of mutation
 d - 13 potions of might
 i - 11 potions of curing
 j - 5 potions of attraction
 o - 5 potions of magic
 q - 6 potions of haste
 t - 4 potions of resistance
 v - 5 potions of lignification
 z - a potion of cancellation

Dungeon Overview and Level Annotations

Branches:
Dungeon (15/15)            Temple (1/1) D:4            Lair (5/5) D:8
  Swamp (3/4) Lair:2        Snake (0/4) Lair:2        Slime (0/5) Lair:4
    Orc (2/2) D:11            Elf (0/3) Orc:2        Vaults (0/5) D:13
 Depths (0/4) D:15

Altars:
Ashenzari
Cheibriados
Dithmenos
Elyvilon
Fedhas
Gozag
Hepliaklqana
Kikubaaqudgha
Makhleb
Nemelex Xobeh
Okawaru
Qazlal
Ru
Sif Muna
Trog
Uskayaw
Vehumet
Wu Jian
Xom
Yredelemnul
Zin
The Shining One
Lugonu

Shops:
D:5 :   D:6 =   D:11 ?!:(   Orc:2 [=:[

Portals:
Abyss: Lair:5
Trove: D:14 (give 3 potions of resistance)

Annotations:
D:5 2 transporters, qw's ghost, amateur GrFi
D:15 3 runed translucent doors, Uwkoecio's ghost, journeyman HOFi
Lair:3 3 runed translucent doors, qw's ghost, journeyman GrFi


Message History

23636 ||| READING 7 scrolls of teleportation.
As you read the scroll of teleportation, it crumbles to dust.
You feel strangely unstable.
The goliath frog hits you but does no damage.
23637 ||| DRINKING potion of heal wounds.
You feel much better. You block the goliath frog's attack.
You slice the goliath frog!!
The goliath frog is severely wounded.
You block the goliath frog's attack.
You slash the goliath frog!
The goliath frog seems to grow stronger.
The goliath frog is almost dead.
Your surroundings suddenly seem different.
A thorn hunter, a will-o-the-wisp and a swamp worm come into view.
Found 16 gold pieces, a wand of paralysis (6) and a leather armour.
Found a stone staircase leading down.
The will-o-the-wisp gives a chilling moan.
Enter note:
23640 ||| INVOKING Finesse.
You can now deal lightning-fast blows.
The swamp worm fires a harpoon shot at you.
The harpoon shot hits you but does no damage.
You barely miss the thorn hunter.
The thorn hunter hits you but does no damage. x2
You slash the thorn hunter!
The thorn hunter is lightly damaged.
You completely miss the thorn hunter.
The thorn hunter is lightly damaged.
The thorn hunter fires a volley of thorns at you.
The volley of thorns hits you!!
The swamp worm fires a harpoon shot at you.
The harpoon shot hits you but does no damage.
23644 ||| READING 6 scrolls of teleportation.
As you read the scroll of teleportation, it crumbles to dust.
You feel strangely unstable.
The will-o-the-wisp gestures.
The will-o-the-wisp conjures some foxfire!
The thorn hunter hits you!
You die...

7.~ 7.~ 7.~ 7..
.. 7 ~¤..
77.77~.7 ~.~$
7.77~~~~~7 7~~
7..~@7 7!~
7~~~f¤~.7 77~~
7.~~>.~.7 77...
.~.~vv..~7
7.¤.~
7~¤~~v.~~$.#
7}~..
7~w./.......#
7.$..
...¤.~..~~....#
..~[.
.~...¤~7..~~[..
~~~~~ .~¤~~


You could see a thorn hunter, a will-o-the-wisp and a swamp worm.

Vanquished Creatures
  Mlioglotl (Swamp:2)
  Agnes (D:14)
  A fenstrider witch (Swamp:2)
  Nessos (D:14)
  An eleionoma (Swamp:2)
  2 bunyips
  A great orb of eyes (D:15)
  A catoblepas (Lair:5)
  A rakshasa (D:15)
  A vault guard (D:13)
  2 ghost crabs (Swamp:2)
  3 two-headed ogres
  7 centaur warriors
  8 hydras
  6 alligators (Swamp:2)
  5 tengu warriors (D:14)
  A boulder beetle (Lair:1)
  4 thrashing horrors (Lair:5)
  4 death yaks (Lair:4)
  Urug (Lair:4)
  3 skeletal warriors (D:13)
  4 goliath frogs
  2 spriggan druids
  3 swamp dragons
  2 wizards
  2 orc knights
  2 bog bodies
  2 deep elf pyromancers (D:14)
  3 necromancers (D:13)
  5 manticores
  3 cyclopes
  An orc sorcerer (Orc:1)
  18 ugly things
  18 elephants
  2 will-o-the-wisps (Swamp:2)
  5 black mambas
  A smoke demon (Lair:5)
  8 cane toads
  An unseen horror (D:10)
  10 kobold demonologists
  2 rime drakes
  16 komodo dragons
  An efreet (D:15)
  A tengu conjurer (D:15)
  A yaktaur (shapeshifter) (D:14)
  9 trolls
  3 ancient zymes (Lair:5)
  A bloated husk (Swamp:2)
  A polar bear (Lair:2)
  5 hornets
  5 tyrant leeches
  Prince Ribbit (D:8)
  8 slime creatures
  21 blink frogs
  7 dream sheep (Lair:5)
  2 centaur simulacra (D:15)
  8 spriggans
  4 ynoxinuls (Lair:5)
  A shadow (D:11)
  3 fire bats (Lair:4)
  2 vampires (D:10)
  2 wyverns (Lair:1)
  A wraith (D:11)
  10 basilisks
  A steam dragon (D:7)
  43 yaks
  20 humans (D:13)
  A basilisk (shapeshifter) (D:15)
  2 chaos spawn (Lair:5)
  16 vampire mosquitoes
  A large abomination (Lair:5)
  5 swamp worms
  6 wargs
  An acid dragon (D:11)
  3 nagas (Lair:2)
  14 water moccasins
  3 swamp drakes
  39 orc warriors
  A black bear (D:4)
  An ice beast (D:6)
  6 ogres
  4 boggarts (D:15)
  5 wolves (Lair:2)
  23 centaurs
  8 small abominations (Lair:5)
  2 phantoms (D:11)
  5 kobold brigands
  2 necrophages (D:4)
  10 bullfrogs
  3 scorpions
  14 wights (D:7)
  A troll zombie (D:11)
  14 killer bees
  3 howler monkeys
  4 jellies
  5 hounds
  17 orc priests
  4 iguanas
  21 orc wizards
  5 ogre zombies (D:11)
  6 gnolls
  7 adders
  15 white imps
  An ufetubus (D:4)
  2 worms
  4 dart slugs
  82 orcs
  5 ball pythons
  6 bats
  6 endoplasms
  4 giant cockroaches
  10 goblins
  6 hobgoblins
  6 jackals
  3 quokkas (D:1)
  3 frilled lizards
  2 goblin skeletons (D:11)
  4 goblin zombies (D:11)
  A hobgoblin skeleton (D:11)
  20 kobolds
  12 orc zombies (D:11)
  4 rats
784 creatures vanquished.

Vanquished Creatures (others)
  A hydra (Swamp:2)
  A centaur (Orc:2)
  An orc (Orc:2)
  2 foxfires (Swamp:2)
  44 fungi
  36 plants
85 creatures vanquished.

Grand Total: 869 creatures vanquished

Notes
Turn   | Place    | Note
-------+----------+-------------------------------------------
     0 | D:1      | qw the Gargoyle Fighter began the quest for the Orb.
     0 | D:1      | Reached XP level 1. HP: 14/14 MP: 1/1
     0 | D:1      | 0 ||| qw: Version: 0.2-a-10-g37ed214
     0 | D:1      | 0 ||| qw: Game counter: 689
     0 | D:1      | 0 ||| qw: Always use a shield: true
     0 | D:1      | 0 ||| qw: God list: Okawaru
     0 | D:1      | 0 ||| qw: Allow faded altars: false
     0 | D:1      | 0 ||| qw: Do Orc after D:15 true
     0 | D:1      | 0 ||| qw: Do second Lair branch before Depths: true
     0 | D:1      | 0 ||| qw: Lair rune preference: random
     0 | D:1      | 0 ||| qw: Plans: Normal, Zot:1-4, God:TSO, Crypt, Tomb,
                  | Pan, Slime:5, Hells, Abyss, Orb
     0 | D:1      | 0 ||| PLANNING D:1-11
   149 | D:1      | Reached skill level 2 in Axes
   158 | D:1      | Reached XP level 2. HP: 10/19 MP: 2/2
   169 | D:1      | 169 ||| Stepping ~*~*~tactically~*~*~ (stealth).
   618 | D:1      | 618 ||| Stepping ~*~*~tactically~*~*~ (hiding).
   683 | D:1      | Found a faded altar of an unknown god.
   837 | D:1      | 837 ||| DROPPING +0 club.
   894 | D:1      | Reached skill level 3 in Axes
  1137 | D:1      | Reached XP level 3. HP: 23/23 MP: 3/3
  1272 | D:1      | 1272 ||| READING scroll labelled IZIR HUH GIE.
  1273 | D:1      | 1273 ||| READING 2 scrolls labelled HITYQI JAUMESE.
  1274 | D:1      | 1274 ||| READING scroll labelled GOEZXEUXAI.
  1275 | D:1      | 1275 ||| READING scroll labelled ZIEPTI VAOXU.
  1276 | D:1      | 1276 ||| READING scroll labelled MESIURPH CIDIO.
  1377 | D:1      | 1377 ||| READING scroll labelled QEUBAOFYGA.
  2153 | D:2      | Reached skill level 1 in Throwing
  2335 | D:2      | 2335 ||| UPGRADING to +0 pair of gloves.
  2340 | D:2      | 2340 ||| UPGRADING to amulet of regeneration.
  2345 | D:2      | 2345 ||| READING scroll labelled XOANYC XIUCZO.
  2350 | D:2      | 2350 ||| DRINKING 2 sedimented red potions.
  2350 | D:2      | Gained mutation: You passively dampen the noise of your
                  | surroundings. [potion of mutation]
  2351 | D:2      | 2351 ||| DRINKING 2 amethyst potions.
  2352 | D:2      | 2352 ||| DRINKING 2 puce potions.
  2353 | D:2      | 2353 ||| DROPPING potion of magic.
  2354 | D:2      | 2354 ||| DROPPING potion of brilliance.
  2371 | D:3      | 2371 ||| STAIRDANCE
  2477 | D:3      | Found a snail-covered altar of Cheibriados.
  2671 | D:3      | Reached XP level 4. HP: 28/28 MP: 4/4
  2951 | D:3      | Found a white marble altar of Elyvilon.
  3006 | D:3      | 3006 ||| UPGRADING to +0 plate armour.
  3016 | D:3      | 3016 ||| DROPPING +0 scale mail.
  3017 | D:3      | 3017 ||| READING 2 scrolls labelled HOLESU LEK.
  3018 | D:3      | 3018 ||| READING scroll labelled CACAVI BONE.
  3019 | D:3      | 3019 ||| DROPPING scroll of immolation.
  3033 | D:4      | 3033 ||| STAIRDANCE
  3063 | D:4      | 3063 ||| Stepping ~*~*~tactically~*~*~ (stealth).
  3076 | D:4      | Reached skill level 4 in Axes
  3119 | D:4      | Found a glowing silver altar of Zin.
  3137 | D:4      | Reached XP level 5. HP: 30/32 MP: 5/5
  3233 | D:4      | Reached skill level 5 in Axes
  3244 | D:4      | Found a staircase to the Ecumenical Temple.
  3245 | D:4      | 3245 ||| PLANNING TEMPLE
  3245 | D:4      | 3245 ||| FLEEEEING.
  3246 | D:4      | 3246 ||| FLEEEEING.
  3251 | D:4      | 3251 ||| FLEEEEING.
  3252 | D:4      | 3252 ||| FLEEEEING.
  3253 | D:4      | 3253 ||| FLEEEEING.
  3254 | D:4      | 3254 ||| FLEEEEING.
  3255 | D:4      | 3255 ||| FLEEEEING.
  3256 | D:4      | 3256 ||| FLEEEEING.
  3257 | D:4      | 3257 ||| FLEEEEING.
  3258 | D:4      | 3258 ||| FLEEEEING.
  3259 | D:4      | 3259 ||| FLEEEEING.
  3265 | D:4      | 3265 ||| FLEEEEING.
  3266 | D:4      | 3266 ||| FLEEEEING.
  3267 | D:4      | 3267 ||| STAIRDANCE
  3271 | D:4      | 3271 ||| STAIRDANCE
  3288 | D:4      | 3288 ||| STAIRDANCE
  3292 | D:4      | 3292 ||| STAIRDANCE
  3296 | D:4      | 3296 ||| STAIRDANCE
  3318 | D:4      | Reached XP level 6. HP: 38/38 MP: 6/6
  3318 | D:4      | 3318 ||| STAIRDANCE
  3347 | D:4      | 3347 ||| FLEEEEING.
  3348 | D:4      | 3348 ||| FLEEEEING.
  3349 | D:4      | 3349 ||| FLEEEEING.
  3350 | D:4      | 3350 ||| FLEEEEING.
  3356 | D:4      | 3356 ||| FLEEEEING.
  3357 | D:4      | 3357 ||| FLEEEEING.
  3358 | D:4      | 3358 ||| FLEEEEING.
  3359 | D:4      | 3359 ||| FLEEEEING.
  3360 | D:4      | 3360 ||| FLEEEEING.
  3361 | D:4      | 3361 ||| FLEEEEING.
  3362 | D:4      | 3362 ||| FLEEEEING.
  3363 | D:4      | 3363 ||| FLEEEEING.
  3369 | D:4      | 3369 ||| FLEEEEING.
  3370 | D:4      | 3370 ||| FLEEEEING.
  3371 | D:4      | 3371 ||| STAIRDANCE
  3375 | D:4      | 3375 ||| STAIRDANCE
  3380 | D:4      | 3380 ||| STAIRDANCE
  3414 | Temple   | Entered the Ecumenical Temple
  3512 | Temple   | 3512 ||| PLANNING OKAWARU WORSHIP
  3584 | Temple   | Became a worshipper of Warmaster Okawaru
  3585 | Temple   | 3585 ||| PLANNING D:1-11
  3608 | D:4      | 3608 ||| Stepping ~*~*~tactically~*~*~ (hiding).
  3642 | D:4      | 3642 ||| Stepping ~*~*~tactically~*~*~ (hiding).
  3682 | D:4      | Found a blossoming altar of Fedhas.
  4042 | D:4      | Reached skill level 6 in Axes
  4042 | D:4      | Reached XP level 7. HP: 43/43 MP: 7/7
  4056 | D:4      | 4056 ||| Stepping ~*~*~tactically~*~*~ (hiding).
  4090 | D:4      | Reached * piety under Okawaru
  4186 | D:4      | 4186 ||| Stepping ~*~*~tactically~*~*~ (stealth).
  4188 | D:4      | 4188 ||| Stepping ~*~*~tactically~*~*~ (stealth).
  4206 | D:4      | Reached skill level 1 in Invocations
  4258 | D:4      | 4258 ||| DRINKING 3 fizzy emerald potions.
  4298 | D:5      | Entered Level 5 of the Dungeon
  4342 | D:5      | Found an ornate altar of the Wu Jian Council.
  4411 | D:5      | 4411 ||| INVOKING Heroism.
  4432 | D:5      | 4432 ||| INVOKING Heroism.
  4434 | D:5      | Reached skill level 3 in Invocations
  4440 | D:5      | Reached XP level 8. HP: 23/48 MP: 7/10
  4479 | D:5      | Found a transporter.
  4489 | D:5      | Noticed qw's ghost (amateur GrFi)
  4713 | D:5      | Found Gauhy's Book Shop.
  4768 | D:5      | 4768 ||| INVOKING Heroism.
  4926 | D:5      | 4926 ||| Stepping ~*~*~tactically~*~*~ (stealth).
  4965 | D:5      | Found a transporter.
  5059 | D:5      | Found an ancient bone altar of Kikubaaqudgha.
  5099 | D:5      | 5099 ||| INVOKING Heroism.
  5107 | D:5      | 5107 ||| DRINKING 2 potions of curing.
  5107 | D:5      | 5107 ||| (to cure confusion)
  5204 | D:5      | 5204 ||| DROPPING amulet of faith.
  5215 | D:6      | 5215 ||| INVOKING Heroism.
  5224 | D:6      | Reached skill level 7 in Axes
  5236 | D:6      | 5236 ||| SWAPPING to +3 war axe of flaming.
  5237 | D:6      | 5237 ||| DROPPING +4 mace.
  5238 | D:6      | 5238 ||| DROPPING +0 war axe.
  5275 | D:6      | Reached ** piety under Okawaru
  5349 | D:6      | Reached skill level 1 in Dodging
  5498 | D:6      | 5498 ||| INVOKING Heroism.
  5643 | D:6      | 5643 ||| INVOKING Heroism.
  5663 | D:6      | Found Antut's Jewellery Boutique.
  5695 | D:6      | 5695 ||| SHOPLISTING +6 ring of dexterity (396 gold, have
                  | 273).
  5695 | D:6      | 5695 ||| SHOPLISTING ring "Gikoaq" {rN+ rCorr Dex+6} (481
                  | gold, have 273).
  5695 | D:6      | 5695 ||| SHOPLISTING ring of ice (275 gold, have 273).
  5695 | D:6      | 5695 ||| BUYING ring of see invisible (165 gold).
  5695 | D:6      | Bought a ring of see invisible for 165 gold pieces
  5707 | D:6      | 5707 ||| INVOKING Heroism.
  5713 | D:6      | Reached skill level 8 in Axes
  5736 | D:6      | 5736 ||| INVOKING Heroism.
  5747 | D:6      | Reached XP level 9. HP: 54/54 MP: 10/12
  5748 | D:6      | 5748 ||| Stepping ~*~*~tactically~*~*~ (stealth).
  5768 | D:6      | Found a hide-covered altar of Uskayaw.
  5897 | D:6      | Found a burning altar of Makhleb.
  5932 | D:6      | Reached skill level 6 in Fighting
  5935 | D:6      | 5935 ||| INVOKING Heroism.
  6208 | D:6      | 6208 ||| UPGRADING to ring of see invisible.
  6209 | D:6      | 6209 ||| UPGRADING to ring of positive energy.
  6330 | D:7      | 6330 ||| INVOKING Heroism.
  6366 | D:7      | Identified the +0 ring mail "Hyrai" {*Slow rC+ Will+ Dex+3}
  6406 | D:7      | 6406 ||| Stepping ~*~*~tactically~*~*~ (hiding).
  6410 | D:7      | 6410 ||| INVOKING Heroism.
  6425 | D:7      | Reached skill level 9 in Axes
  6671 | D:7      | 6671 ||| Stepping ~*~*~tactically~*~*~ (stealth).
  6683 | D:7      | 6683 ||| INVOKING Heroism.
  6689 | D:7      | Reached *** piety under Okawaru
  6870 | D:8      | Noticed a hornet
  6872 | D:8      | 6872 ||| INVOKING Heroism.
  6879 | D:8      | Killed a hornet
  6880 | D:8      | Reached skill level 6 in Armour
  6884 | D:8      | 6884 ||| DRINKING 4 potions of curing.
  6884 | D:8      | 6884 ||| (to cure confusion)
  6889 | D:8      | Reached XP level 10. HP: 54/63 MP: 11/13
  6889 | D:8      | 6889 ||| INVOKING Heroism.
  6914 | D:8      | 6914 ||| INVOKING Heroism.
  6942 | D:8      | Found a staircase to the Lair.
  6985 | D:8      | Noticed Prince Ribbit
  6996 | D:8      | Killed Prince Ribbit
  6997 | D:8      | Reached skill level 10 in Axes
  7065 | D:8      | 7065 ||| SWAPPING to +0 broad axe.
  7069 | D:8      | 7069 ||| Stepping ~*~*~tactically~*~*~ (hiding).
  7070 | D:8      | 7070 ||| Stepping ~*~*~tactically~*~*~ (hiding).
  7074 | D:8      | 7074 ||| INVOKING Heroism.
  7107 | D:8      | 7107 ||| INVOKING Heroism.
  7110 | D:8      | 7110 ||| Stepping ~*~*~tactically~*~*~ (stealth).
  7115 | D:8      | Reached **** piety under Okawaru
  7129 | D:8      | 7129 ||| INVOKING Heroism.
  7262 | D:8      | 7262 ||| Stepping ~*~*~tactically~*~*~ (stealth).
  7263 | D:8      | 7263 ||| Stepping ~*~*~tactically~*~*~ (stealth).
  7395 | D:8      | 7395 ||| INVOKING Heroism.
  7442 | D:8      | 7442 ||| PLANNING LAIR
  7442 | D:8      | 7442 ||| UPGRADING to +3 plate armour.
  7452 | D:8      | 7452 ||| DROPPING +0 plate armour.
  7453 | D:8      | 7453 ||| UPGRADING to ring of willpower.
  7455 | D:8      | 7455 ||| DRINKING 2 pink potions.
  7456 | D:8      | 7456 ||| DRINKING 2 fuming orange potions.
  7457 | D:8      | 7457 ||| READING 2 scrolls of identify.
  7457 | D:8      | 7457 ||| IDENTIFYING murky amethyst potion
  7458 | D:8      | 7458 ||| DROPPING potion of invisibility.
  7475 | Lair:1   | Entered Level 1 of the Lair of Beasts
  7475 | Lair:1   | Noticed a black mamba
  7476 | Lair:1   | 7476 ||| INVOKING Heroism.
  7479 | Lair:1   | Killed a black mamba
  7480 | Lair:1   | Noticed a black mamba
  7485 | Lair:1   | Killed a black mamba
  7546 | Lair:1   | Noticed a boulder beetle
  7547 | Lair:1   | 7547 ||| INVOKING Heroism.
  7559 | Lair:1   | HP: 9/64 [boulder beetle (18)]
  7560 | Lair:1   | 7560 ||| READING 2 scrolls of teleportation.
  7563 | Lair:1   | 7563 ||| READING scroll of teleportation.
  7569 | Lair:1   | 7569 ||| INVOKING Heroism.
  7620 | Lair:1   | 7620 ||| Stepping ~*~*~tactically~*~*~ (stealth).
  7623 | Lair:1   | 7623 ||| INVOKING Heroism.
  7629 | Lair:1   | 7629 ||| Stepping ~*~*~tactically~*~*~ (stealth).
  7642 | Lair:1   | Received a gift from Okawaru
  7642 | Lair:1   | HP: 16/64 [basilisk (6)]
  7654 | Lair:1   | 7654 ||| INVOKING Heroism.
  7656 | Lair:1   | HP: 16/64 [basilisk (9)]
  7836 | Lair:1   | 7836 ||| INVOKING Heroism.
  7847 | Lair:1   | Killed a boulder beetle
  7848 | Lair:1   | Reached skill level 11 in Axes
  7848 | Lair:1   | Reached skill level 6 in Invocations
  7848 | Lair:1   | Reached XP level 11. HP: 65/68 MP: 13/15
  7928 | Lair:1   | 7928 ||| INVOKING Heroism.
  8256 | Lair:1   | 8256 ||| DRINKING 2 viscous green potions.
  8257 | Lair:1   | 8257 ||| READING 6 scrolls of identify.
  8257 | Lair:1   | 8257 ||| IDENTIFYING clear potion
  8258 | Lair:1   | 8258 ||| READING 5 scrolls of identify.
  8258 | Lair:1   | 8258 ||| IDENTIFYING silvery potion
  8259 | Lair:1   | 8259 ||| READING 4 scrolls of identify.
  8259 | Lair:1   | 8259 ||| IDENTIFYING black potion
  8260 | Lair:1   | 8260 ||| READING 3 scrolls of identify.
  8260 | Lair:1   | 8260 ||| IDENTIFYING glowing brown potion
  8261 | Lair:1   | 8261 ||| READING 2 scrolls of identify.
  8261 | Lair:1   | 8261 ||| IDENTIFYING bubbling emerald potion
  8262 | Lair:1   | 8262 ||| DROPPING potion of flight.
  8263 | Lair:1   | 8263 ||| DROPPING potion of berserk rage.
  8322 | Lair:2   | 8322 ||| INVOKING Heroism.
  8353 | Lair:2   | 8353 ||| INVOKING Heroism.
  8380 | Lair:2   | HP: 17/69 [yak (3)]
  8381 | Lair:2   | 8381 ||| DRINKING potion of heal wounds.
  8384 | Lair:2   | Reached ***** piety under Okawaru
  8411 | Lair:2   | Found a staircase to the Swamp.
  8459 | Lair:2   | 8459 ||| INVOKING Heroism.
  8522 | Lair:2   | Reached skill level 9 in Fighting
  8525 | Lair:2   | Found a staircase to the Snake Pit.
  8533 | Lair:2   | 8533 ||| INVOKING Heroism.
  8693 | Lair:2   | Reached skill level 3 in Throwing
  8705 | Lair:2   | 8705 ||| INVOKING Heroism.
  8825 | Lair:2   | Identified the +0 kite shield of Music {Dex+3} (Okawaru
                  | gifted it to you on level 2 of the Lair of Beasts)
  8825 | Lair:2   | Received a gift from Okawaru
  8835 | Lair:2   | 8835 ||| INVOKING Heroism.
  8839 | Lair:2   | Reached skill level 9 in Invocations
  8898 | Lair:2   | Noticed a six-headed hydra
  8899 | Lair:2   | 8899 ||| INVOKING Heroism.
  8900 | Lair:2   | 8900 ||| INVOKING Finesse.
  8901 | Lair:2   | 8901 ||| INVOKING Finesse.
  8902 | Lair:2   | 8902 ||| SWAPPING to +3 war axe of flaming.
  8908 | Lair:2   | Killed a two-headed hydra
  8909 | Lair:2   | 8909 ||| SWAPPING to +0 broad axe.
  9140 | Lair:2   | 9140 ||| UPGRADING to +0 helmet.
  9145 | Lair:2   | 9145 ||| UPGRADING to +0 kite shield of Music {Dex+3}.
  9181 | Lair:2   | 9181 ||| DROPPING +0 buckler.
  9182 | Lair:2   | 9182 ||| UPGRADING to +0 pair of boots.
  9187 | Lair:2   | 9187 ||| DROPPING +6 ring of intelligence.
  9188 | Lair:2   | 9188 ||| UPGRADING to +4 ring of evasion.
  9190 | Lair:2   | 9190 ||| READING scroll labelled MIEHELABLAO.
  9191 | Lair:2   | 9191 ||| READING scroll labelled REANOE BOFF.
  9223 | Lair:3   | Noticed a five-headed hydra
  9224 | Lair:3   | 9224 ||| Stepping ~*~*~tactically~*~*~ (stealth).
  9226 | Lair:3   | 9226 ||| INVOKING Heroism.
  9227 | Lair:3   | 9227 ||| SWAPPING to +3 war axe of flaming.
  9235 | Lair:3   | Killed a one-headed hydra
  9236 | Lair:3   | Reached XP level 12. HP: 69/76 MP: 17/19
  9236 | Lair:3   | 9236 ||| SWAPPING to +0 broad axe.
  9272 | Lair:3   | 9272 ||| Stepping ~*~*~tactically~*~*~ (stealth).
  9277 | Lair:3   | 9277 ||| Stepping ~*~*~tactically~*~*~ (stealth).
  9280 | Lair:3   | 9280 ||| Stepping ~*~*~tactically~*~*~ (stealth).
  9282 | Lair:3   | Reached skill level 6 in Shields
  9282 | Lair:3   | 9282 ||| Stepping ~*~*~tactically~*~*~ (stealth).
  9287 | Lair:3   | 9287 ||| INVOKING Heroism.
  9326 | Lair:3   | 9326 ||| INVOKING Heroism.
  9414 | Lair:3   | 9414 ||| Stepping ~*~*~tactically~*~*~ (stealth).
  9415 | Lair:3   | 9415 ||| Stepping ~*~*~tactically~*~*~ (stealth).
  9418 | Lair:3   | 9418 ||| INVOKING Heroism.
  9420 | Lair:3   | 9420 ||| Stepping ~*~*~tactically~*~*~ (stealth).
  9440 | Lair:3   | 9440 ||| INVOKING Heroism.
  9442 | Lair:3   | Reached skill level 9 in Shields
  9893 | Lair:3   | 9893 ||| Stepping ~*~*~tactically~*~*~ (hiding).
 10161 | Lair:3   | Found a runed translucent gate.
 10161 | Lair:3   | Noticed qw's ghost (journeyman GrFi)
 10162 | Lair:3   | Found a runed translucent gate.
 10162 | Lair:3   | Found a runed translucent gate.
 10162 | Lair:3   | Noticed qw's ghost (journeyman GrFi)
 10162 | Lair:3   | Noticed qw's ghost (journeyman GrFi)
 10163 | Lair:3   | Noticed qw's ghost (journeyman GrFi)
 10163 | Lair:3   | Noticed qw's ghost (journeyman GrFi)
 10275 | Lair:3   | 10275 ||| READING scroll labelled HEHAAP ILIJIROUHUL.
 10322 | Lair:4   | Noticed Urug
 10323 | Lair:4   | 10323 ||| INVOKING Heroism.
 10324 | Lair:4   | 10324 ||| INVOKING Finesse.
 10343 | Lair:4   | Killed Urug
 10343 | Lair:4   | Received a gift from Okawaru
 10378 | Lair:4   | 10378 ||| SWAPPING to +4 broad axe of electrocution.
 10379 | Lair:4   | 10379 ||| DROPPING +0 broad axe.
 10415 | Lair:4   | 10415 ||| Stepping ~*~*~tactically~*~*~ (stealth).
 10416 | Lair:4   | 10416 ||| INVOKING Heroism.
 10422 | Lair:4   | 10422 ||| Stepping ~*~*~tactically~*~*~ (stealth).
 10517 | Lair:4   | 10517 ||| INVOKING Heroism.
 10781 | Lair:4   | Found a staircase to the Slime Pits.
 10823 | Lair:4   | 10823 ||| INVOKING Heroism.
 10873 | Lair:4   | Noticed a death yak
 10873 | Lair:4   | Noticed a death yak
 10874 | Lair:4   | 10874 ||| Stepping ~*~*~tactically~*~*~ (stealth).
 10875 | Lair:4   | Noticed a death yak
 10876 | Lair:4   | 10876 ||| INVOKING Heroism.
 10876 | Lair:4   | Noticed a death yak
 10876 | Lair:4   | Noticed an eight-headed hydra
 10877 | Lair:4   | 10877 ||| Stepping ~*~*~tactically~*~*~ (stealth).
 10879 | Lair:4   | 10879 ||| INVOKING Finesse.
 10887 | Lair:4   | Killed a death yak
 10888 | Lair:4   | Reached skill level 12 in Axes
 10888 | Lair:4   | 10888 ||| SWAPPING to +3 war axe of flaming.
 10894 | Lair:4   | Killed a death yak
 10897 | Lair:4   | Killed a death yak
 10898 | Lair:4   | Reached skill level 9 in Armour
 10898 | Lair:4   | Reached XP level 13. HP: 55/80 MP: 14/20
 10901 | Lair:4   | 10901 ||| SWAPPING to +4 broad axe of electrocution.
 10913 | Lair:4   | Received a gift from Okawaru
 11254 | Lair:4   | 11254 ||| DROPPING ring of wizardry.
 11267 | Lair:5   | Entered Level 5 of the Lair of Beasts
 11268 | Lair:5   | 11268 ||| PLANNING GAUNTLET
 11273 | Lair:5   | 11273 ||| STAIRDANCE
 11279 | Lair:5   | 11279 ||| STAIRDANCE
 11283 | Lair:4   | 11283 ||| INVOKING Heroism.
 11328 | Lair:5   | 11328 ||| STAIRDANCE
 11372 | Lair:5   | 11372 ||| INVOKING Heroism.
 11373 | Lair:5   | 11373 ||| Stepping ~*~*~tactically~*~*~ (stealth).
 11391 | Lair:5   | 11391 ||| Stepping ~*~*~tactically~*~*~ (stealth).
 11399 | Lair:5   | Received a gift from Okawaru
 11421 | Lair:5   | 11421 ||| INVOKING Heroism.
 11446 | Lair:5   | 11446 ||| INVOKING Heroism.
 11479 | Lair:5   | 11479 ||| Stepping ~*~*~tactically~*~*~ (stealth).
 11499 | Lair:5   | 11499 ||| Stepping ~*~*~tactically~*~*~ (stealth).
 11500 | Lair:5   | 11500 ||| Stepping ~*~*~tactically~*~*~ (stealth).
 11503 | Lair:5   | 11503 ||| INVOKING Heroism.
 11504 | Lair:5   | 11504 ||| Stepping ~*~*~tactically~*~*~ (stealth).
 11510 | Lair:5   | 11510 ||| Stepping ~*~*~tactically~*~*~ (stealth).
 11511 | Lair:5   | 11511 ||| Stepping ~*~*~tactically~*~*~ (stealth).
 11512 | Lair:5   | 11512 ||| Stepping ~*~*~tactically~*~*~ (stealth).
 11514 | Lair:5   | 11514 ||| Stepping ~*~*~tactically~*~*~ (stealth).
 11533 | Lair:5   | 11533 ||| Stepping ~*~*~tactically~*~*~ (stealth).
 11534 | Lair:5   | 11534 ||| Stepping ~*~*~tactically~*~*~ (stealth).
 11540 | Lair:5   | 11540 ||| Stepping ~*~*~tactically~*~*~ (stealth).
 11551 | Lair:5   | Reached skill level 13 in Axes
 11559 | Lair:5   | 11559 ||| INVOKING Heroism.
 11612 | Lair:5   | 11612 ||| Stepping ~*~*~tactically~*~*~ (stealth).
 11616 | Lair:5   | 11616 ||| INVOKING Heroism.
 11655 | Lair:5   | 11655 ||| Stepping ~*~*~tactically~*~*~ (stealth).
 11657 | Lair:5   | 11657 ||| Stepping ~*~*~tactically~*~*~ (stealth).
 11660 | Lair:5   | 11660 ||| Stepping ~*~*~tactically~*~*~ (hiding).
 11663 | Lair:5   | 11663 ||| INVOKING Finesse.
 11807 | Lair:5   | 11807 ||| RIP GAUNTLET
 11808 | Lair:5   | 11808 ||| PLANNING LAIR
 11836 | Lair:5   | 11836 ||| Stepping ~*~*~tactically~*~*~ (hiding).
 11843 | Lair:5   | Identified the +0 scale mail "Ybytufae" {Harm Str+4}
                  | (Okawaru gifted it to you on level 5 of the Lair of Beasts)
 11843 | Lair:5   | Received a gift from Okawaru
 11970 | Lair:5   | Reached skill level 3 in Dodging
 12006 | Lair:5   | Identified the ring "Efuidilat" {rPois Will+ Str+2 Int-5}
 12017 | Lair:5   | 12017 ||| Stepping ~*~*~tactically~*~*~ (hiding).
 12018 | Lair:5   | 12018 ||| Stepping ~*~*~tactically~*~*~ (stealth).
 12021 | Lair:5   | 12021 ||| INVOKING Heroism.
 12052 | Lair:5   | 12052 ||| Stepping ~*~*~tactically~*~*~ (hiding).
 12053 | Lair:5   | 12053 ||| INVOKING Heroism.
 12054 | Lair:5   | 12054 ||| Stepping ~*~*~tactically~*~*~ (hiding).
 12129 | Lair:5   | 12129 ||| FLEEEEING.
 12130 | Lair:5   | 12130 ||| FLEEEEING.
 12131 | Lair:5   | 12131 ||| FLEEEEING.
 12132 | Lair:5   | 12132 ||| FLEEEEING.
 12133 | Lair:5   | 12133 ||| FLEEEEING.
 12134 | Lair:5   | 12134 ||| FLEEEEING.
 12135 | Lair:5   | 12135 ||| FLEEEEING.
 12136 | Lair:5   | 12136 ||| FLEEEEING.
 12137 | Lair:5   | 12137 ||| FLEEEEING.
 12138 | Lair:5   | 12138 ||| FLEEEEING.
 12172 | Lair:5   | 12172 ||| Stepping ~*~*~tactically~*~*~ (hiding).
 12295 | Lair:5   | 12295 ||| INVOKING Heroism.
 12314 | Lair:5   | Gained mutation: Your large and strong wings let you fly.
                  | [Gargoyle growth]
 12314 | Lair:5   | Reached XP level 14. HP: 88/88 MP: 21/21
 12334 | Lair:5   | 12334 ||| Stepping ~*~*~tactically~*~*~ (stealth).
 12336 | Lair:5   | 12336 ||| INVOKING Heroism.
 12360 | Lair:5   | Reached skill level 14 in Axes
 12396 | Lair:5   | Found a corrupted altar of Lugonu.
 12396 | Lair:5   | Found a one-way gate to the infinite horrors of the Abyss.
 12521 | Lair:5   | 12521 ||| Stepping ~*~*~tactically~*~*~ (stealth).
 12523 | Lair:5   | 12523 ||| Stepping ~*~*~tactically~*~*~ (stealth).
 12530 | Lair:5   | 12530 ||| Stepping ~*~*~tactically~*~*~ (stealth).
 12586 | Lair:5   | 12586 ||| Stepping ~*~*~tactically~*~*~ (stealth).
 12909 | Lair:5   | 12909 ||| Stepping ~*~*~tactically~*~*~ (stealth).
 12910 | Lair:5   | 12910 ||| Stepping ~*~*~tactically~*~*~ (stealth).
 12917 | Lair:5   | 12917 ||| Stepping ~*~*~tactically~*~*~ (stealth).
 12919 | Lair:5   | 12919 ||| Stepping ~*~*~tactically~*~*~ (hiding).
 13110 | Lair:5   | 13110 ||| PLANNING D:1-11
 13110 | Lair:5   | 13110 ||| DROPPING ring of willpower.
 13111 | Lair:5   | 13111 ||| DROPPING ring of positive energy.
 13112 | Lair:5   | 13112 ||| READING scroll labelled EHORICARPHA.
 13391 | D:9      | Found a sacrificial altar of Ru.
 13657 | D:9      | 13657 ||| UPGRADING to +0 pair of gloves of dexterity.
 13667 | D:9      | 13667 ||| DROPPING +0 pair of gloves.
 13683 | D:10     | Entered Level 10 of the Dungeon
 13773 | D:10     | 13773 ||| INVOKING Heroism.
 13787 | D:10     | Reached skill level 12 in Shields
 13828 | D:10     | 13828 ||| INVOKING Finesse.
 13843 | D:10     | Received a gift from Okawaru
 13845 | D:10     | 13845 ||| INVOKING Heroism.
 13917 | D:10     | Found a flagged portal.
 13918 | D:10     | 13918 ||| INVOKING Heroism.
 13949 | D:10     | Received a gift from Okawaru
 13957 | D:10     | 13957 ||| INVOKING Heroism.
 14546 | D:10     | 14546 ||| UPGRADING to +0 cloak.
 14600 | D:11     | 14600 ||| INVOKING Heroism.
 14602 | D:11     | 14602 ||| STAIRDANCE
 14630 | D:11     | Found Fiusij's Weapon Emporium.
 14732 | D:11     | Found a staircase to the Orcish Mines.
 14734 | D:11     | 14734 ||| Stepping ~*~*~tactically~*~*~ (stealth).
 14776 | D:11     | 14776 ||| Stepping ~*~*~tactically~*~*~ (stealth).
 14785 | D:11     | 14785 ||| Stepping ~*~*~tactically~*~*~ (stealth).
 14824 | D:11     | Found Udiobi's Distillery.
 14832 | D:11     | 14832 ||| BUYING 2 potions of curing (72 gold).
 14832 | D:11     | Bought 2 potions of curing for 72 gold pieces
 14832 | D:11     | 14832 ||| BUYING potion of attraction (36 gold).
 14832 | D:11     | Bought a potion of attraction for 36 gold pieces
 14832 | D:11     | 14832 ||| BUYING potion of cancellation (96 gold).
 14832 | D:11     | Bought a potion of cancellation for 96 gold pieces
 14832 | D:11     | 14832 ||| BUYING potion of haste (120 gold).
 14832 | D:11     | Bought a potion of haste for 120 gold pieces
 14832 | D:11     | 14832 ||| BUYING potion of haste (120 gold).
 14832 | D:11     | Bought a potion of haste for 120 gold pieces
 14832 | D:11     | 14832 ||| BUYING potion of haste (120 gold).
 14832 | D:11     | Bought a potion of haste for 120 gold pieces
 14888 | D:11     | 14888 ||| INVOKING Heroism.
 14975 | D:11     | Found Iqefos's Book Emporium.
 14976 | D:11     | 14976 ||| Stepping ~*~*~tactically~*~*~ (stealth).
 14979 | D:11     | 14979 ||| Stepping ~*~*~tactically~*~*~ (stealth).
 15077 | D:11     | Found Kietwosint's Magic Scroll Shoppe.
 15088 | D:11     | 15088 ||| BUYING scroll of identify (32 gold).
 15088 | D:11     | Bought a scroll of identify for 32 gold pieces
 15088 | D:11     | 15088 ||| BUYING scroll of identify (32 gold).
 15088 | D:11     | Bought a scroll of identify for 32 gold pieces
 15088 | D:11     | 15088 ||| BUYING scroll of teleportation (48 gold).
 15088 | D:11     | Bought a scroll of teleportation for 48 gold pieces
 15105 | D:11     | Identified the +5 scale mail of Fortification {Rampage
                  | +Blink rC-} (Okawaru gifted it to you on level 11 of the
                  | Dungeon)
 15105 | D:11     | Received a gift from Okawaru
 15176 | D:11     | 15176 ||| Stepping ~*~*~tactically~*~*~ (stealth).
 15491 | D:11     | 15491 ||| PLANNING D
 15491 | D:11     | 15491 ||| DRINKING 2 green potions.
 15492 | D:11     | 15492 ||| READING 10 scrolls of identify.
 15492 | D:11     | 15492 ||| IDENTIFYING golden potion
 15493 | D:11     | 15493 ||| DROPPING potion of ambrosia.
 15494 | D:11     | 15494 ||| DROPPING potion of degeneration.
 15519 | D:12     | 15519 ||| INVOKING Heroism.
 15531 | D:12     | 15531 ||| Stepping ~*~*~tactically~*~*~ (stealth).
 15560 | D:12     | 15560 ||| INVOKING Heroism.
 15723 | D:12     | 15723 ||| Stepping ~*~*~tactically~*~*~ (hiding).
 15725 | D:12     | 15725 ||| Stepping ~*~*~tactically~*~*~ (hiding).
 15733 | D:12     | 15733 ||| INVOKING Heroism.
 15736 | D:12     | Found a frozen archway.
 15763 | D:12     | 15763 ||| DRINKING 2 potions of cancellation.
 15876 | D:12     | 15876 ||| Stepping ~*~*~tactically~*~*~ (hiding).
 15878 | D:12     | Reached ****** piety under Okawaru
 15965 | D:12     | 15965 ||| Stepping ~*~*~tactically~*~*~ (hiding).
 16434 | D:12     | 16434 ||| UPGRADING to +2 helmet.
 16444 | D:12     | 16444 ||| DROPPING +0 helmet.
 16595 | D:13     | 16595 ||| INVOKING Heroism.
 16627 | D:13     | Reached skill level 15 in Axes
 16663 | D:13     | 16663 ||| INVOKING Heroism.
 16670 | D:13     | Reached XP level 15. HP: 95/95 MP: 20/22
 16694 | D:13     | Found a gate to the Vaults.
 16824 | D:13     | 16824 ||| INVOKING Heroism.
 16859 | D:13     | 16859 ||| READING scroll of enchant weapon.
 16859 | D:13     | 16859 ||| ENCHANTING +5 broad axe of electrocution.
 16972 | D:13     | You are sucked into a shaft and drop 1 floor!
 17009 | D:14     | Reached skill level 12 in Fighting
 17111 | D:13     | 17111 ||| READING scroll of enchant armour.
 17111 | D:13     | 17111 ||| ENCHANTING +0 pair of gloves of dexterity.
 17151 | D:13     | 17151 ||| INVOKING Heroism.
 17152 | D:13     | 17152 ||| INVOKING Finesse.
 17153 | D:13     | 17153 ||| SWAPPING to +3 war axe of flaming.
 17161 | D:13     | 17161 ||| SWAPPING to +6 broad axe of electrocution.
 17420 | D:14     | 17420 ||| Stepping ~*~*~tactically~*~*~ (hiding).
 17421 | D:14     | 17421 ||| Stepping ~*~*~tactically~*~*~ (hiding).
 17608 | D:14     | 17608 ||| Stepping ~*~*~tactically~*~*~ (hiding).
 17616 | D:14     | 17616 ||| Stepping ~*~*~tactically~*~*~ (hiding).
 17635 | D:14     | Identified the +0 pair of gloves of Cosostraof {rC++}
                  | (Okawaru gifted it to you on level 14 of the Dungeon)
 17635 | D:14     | Received a gift from Okawaru
 17790 | D:14     | Noticed Agnes
 17791 | D:14     | 17791 ||| INVOKING Heroism.
 17792 | D:14     | 17792 ||| INVOKING Finesse.
 17801 | D:14     | Killed Agnes
 17858 | D:14     | Found a portal to a secret trove of treasure.
 17957 | D:14     | Noticed Nessos
 17958 | D:14     | 17958 ||| INVOKING Finesse.
 17974 | D:14     | 17974 ||| Stepping ~*~*~tactically~*~*~ (hiding).
 17980 | D:14     | 17980 ||| Stepping ~*~*~tactically~*~*~ (hiding).
 17982 | D:14     | Killed Nessos
 18102 | D:14     | 18102 ||| Stepping ~*~*~tactically~*~*~ (hiding).
 18212 | D:14     | 18212 ||| Stepping ~*~*~tactically~*~*~ (stealth).
 18214 | D:14     | 18214 ||| INVOKING Heroism.
 18220 | D:14     | Reached skill level 16 in Axes
 18264 | D:14     | 18264 ||| INVOKING Heroism.
 18267 | D:14     | 18267 ||| Stepping ~*~*~tactically~*~*~ (stealth).
 18564 | D:14     | 18564 ||| UPGRADING to +0 pair of gloves of Cosostraof
                  | {rC++}.
 18574 | D:14     | 18574 ||| READING scroll labelled YFOUZI MEMARIWK.
 18575 | D:14     | 18575 ||| READING scroll labelled RUAMMORATE.
 18575 | D:14     | Identified a scroll of acquirement
 18575 | D:14     | 18575 ||| ACQUIRING +1 pair of boots of stealth
 18575 | D:14     | Acquired a +1 pair of boots of stealth
 18577 | D:14     | 18577 ||| UPGRADING to +1 pair of boots of stealth.
 18587 | D:14     | 18587 ||| DROPPING +0 pair of boots.
 18627 | D:15     | Entered Level 15 of the Dungeon
 18647 | D:15     | 18647 ||| Stepping ~*~*~tactically~*~*~ (hiding).
 18651 | D:15     | 18651 ||| INVOKING Heroism.
 18805 | D:15     | 18805 ||| Stepping ~*~*~tactically~*~*~ (stealth).
 18822 | D:15     | Reached skill level 6 in Throwing
 18826 | D:15     | 18826 ||| Stepping ~*~*~tactically~*~*~ (hiding).
 18854 | D:15     | 18854 ||| INVOKING Heroism.
 18856 | D:15     | 18856 ||| READING 8 scrolls of teleportation.
 18916 | D:15     | 18916 ||| Stepping ~*~*~tactically~*~*~ (hiding).
 18924 | Abyss:3  | Found a corrupted altar of Lugonu.
 18924 | Abyss:3  | Found a corrupted altar of Lugonu.
 18924 | Abyss:3  | Cast into level 3 of the Abyss (a wizard)
 18928 | D:15     | Escaped the Abyss
 18932 | D:15     | Reached skill level 12 in Armour
 18944 | D:15     | Found a runed translucent gate.
 18944 | D:15     | Noticed Uwkoecio's ghost (journeyman HOFi)
 18945 | D:15     | Found a runed translucent gate.
 18945 | D:15     | Found a runed translucent gate.
 18967 | D:15     | 18967 ||| Stepping ~*~*~tactically~*~*~ (hiding).
 19085 | D:15     | 19085 ||| Stepping ~*~*~tactically~*~*~ (hiding).
 19096 | D:15     | Received a gift from Okawaru
 19112 | D:15     | 19112 ||| INVOKING Heroism.
 19315 | D:15     | 19315 ||| FLEEEEING.
 19384 | D:15     | 19384 ||| Stepping ~*~*~tactically~*~*~ (stealth).
 19385 | D:15     | 19385 ||| INVOKING Heroism.
 19386 | D:15     | 19386 ||| Stepping ~*~*~tactically~*~*~ (stealth).
 19390 | D:15     | 19390 ||| INVOKING Finesse.
 19708 | D:15     | 19708 ||| Stepping ~*~*~tactically~*~*~ (hiding).
 19709 | D:15     | 19709 ||| Stepping ~*~*~tactically~*~*~ (hiding).
 19715 | D:15     | 19715 ||| INVOKING Heroism.
 19731 | D:15     | Found a staircase to the Depths.
 19791 | D:15     | 19791 ||| PLANNING ORC
 19904 | Orc:1    | Entered Level 1 of the Orcish Mines
 19908 | Orc:1    | 19908 ||| Stepping ~*~*~tactically~*~*~ (stealth).
 19910 | Orc:1    | 19910 ||| Stepping ~*~*~tactically~*~*~ (hiding).
 19911 | Orc:1    | 19911 ||| Stepping ~*~*~tactically~*~*~ (hiding).
 19912 | Orc:1    | 19912 ||| Stepping ~*~*~tactically~*~*~ (hiding).
 19913 | Orc:1    | 19913 ||| Stepping ~*~*~tactically~*~*~ (hiding).
 19914 | Orc:1    | 19914 ||| Stepping ~*~*~tactically~*~*~ (stealth).
 19915 | Orc:1    | 19915 ||| Stepping ~*~*~tactically~*~*~ (stealth).
 19917 | Orc:1    | 19917 ||| DRINKING 12 potions of curing.
 19917 | Orc:1    | 19917 ||| (to cure confusion)
 19920 | Orc:1    | 19920 ||| INVOKING Heroism.
 19948 | Orc:1    | 19948 ||| Stepping ~*~*~tactically~*~*~ (stealth).
 19950 | Orc:1    | 19950 ||| Stepping ~*~*~tactically~*~*~ (hiding).
 19953 | Orc:1    | 19953 ||| Stepping ~*~*~tactically~*~*~ (hiding).
 19959 | Orc:1    | 19959 ||| Stepping ~*~*~tactically~*~*~ (stealth).
 19969 | Orc:1    | 19969 ||| Stepping ~*~*~tactically~*~*~ (stealth).
 20003 | Orc:1    | 20003 ||| INVOKING Heroism.
 20006 | Orc:1    | 20006 ||| DRINKING 11 potions of curing.
 20006 | Orc:1    | 20006 ||| (to cure confusion)
 20129 | Orc:1    | 20129 ||| Stepping ~*~*~tactically~*~*~ (hiding).
 20130 | Orc:1    | 20130 ||| Stepping ~*~*~tactically~*~*~ (hiding).
 20250 | Orc:1    | 20250 ||| INVOKING Heroism.
 20309 | Orc:1    | 20309 ||| Stepping ~*~*~tactically~*~*~ (hiding).
 20312 | Orc:1    | 20312 ||| Stepping ~*~*~tactically~*~*~ (hiding).
 20315 | Orc:1    | 20315 ||| INVOKING Heroism.
 20319 | Orc:1    | Reached XP level 16. HP: 80/101 MP: 20/23
 20545 | Orc:1    | 20545 ||| INVOKING Heroism.
 20755 | Orc:2    | Entered Level 2 of the Orcish Mines
 20755 | Orc:2    | Found a staircase to the Elven Halls.
 20766 | Orc:2    | 20766 ||| Stepping ~*~*~tactically~*~*~ (hiding).
 20768 | Orc:2    | 20768 ||| INVOKING Heroism.
 20861 | Orc:2    | 20861 ||| INVOKING Heroism.
 20872 | Orc:2    | Received a gift from Okawaru
 20872 | Orc:2    | Found the +8 demon blade "Leech" {vamp, Harm Drain rN+}
 21037 | Orc:2    | Found Kufiqim's Book Shop.
 21037 | Orc:2    | Found Savest's Jewellery Emporium.
 21037 | Orc:2    | Found Edetuzuva's Antique Armour Shoppe.
 21040 | Orc:2    | Found Lehog's Antique Armour Boutique.
 21044 | Orc:2    | 21044 ||| INVOKING Heroism.
 21085 | Orc:2    | 21085 ||| BUYING +6 ring of dexterity (504 gold).
 21085 | Orc:2    | Bought a +6 ring of dexterity for 504 gold pieces
 21085 | Orc:2    | 21085 ||| BUYING +6 ring of strength (504 gold).
 21085 | Orc:2    | Bought a +6 ring of strength for 504 gold pieces
 21085 | Orc:2    | 21085 ||| BUYING amulet of reflection (420 gold).
 21085 | Orc:2    | Bought an amulet of reflection for 420 gold pieces
 21085 | Orc:2    | 21085 ||| SHOPLISTING ring of resist corrosion (280 gold,
                  | have 158).
 21089 | Orc:2    | 21089 ||| Stepping ~*~*~tactically~*~*~ (stealth).
 21096 | Orc:2    | 21096 ||| SHOPLISTING glowing chain mail (225 gold, have
                  | 158).
 21114 | Orc:2    | 21114 ||| Stepping ~*~*~tactically~*~*~ (stealth).
 21115 | Orc:2    | 21115 ||| Stepping ~*~*~tactically~*~*~ (stealth).
 21116 | Orc:2    | 21116 ||| Stepping ~*~*~tactically~*~*~ (stealth).
 21247 | Orc:2    | 21247 ||| FLEEEEING.
 21248 | Orc:2    | 21248 ||| FLEEEEING.
 21331 | Orc:2    | 21331 ||| PLANNING SWAMP:1-3
 21331 | Orc:2    | 21331 ||| UPGRADING to amulet of reflection.
 21341 | Orc:2    | 21341 ||| DROPPING amulet of regeneration.
 21342 | Orc:2    | 21342 ||| DROPPING +6 ring of dexterity.
 21343 | Orc:2    | 21343 ||| DROPPING ring "Efuidilat" {rPois Will+ Str+2
                  | Int-5}.
 21494 | Swamp:1  | Entered Level 1 of the Swamp
 21501 | Swamp:1  | Identified the +3 ring mail "Caeroucs" {Regen+ rCorr}
 21515 | Swamp:1  | 21515 ||| INVOKING Heroism.
 21607 | Swamp:1  | 21607 ||| Stepping ~*~*~tactically~*~*~ (hiding).
 21608 | Swamp:1  | 21608 ||| Stepping ~*~*~tactically~*~*~ (hiding).
 21685 | Swamp:1  | 21685 ||| INVOKING Heroism.
 21686 | Swamp:1  | 21686 ||| INVOKING Finesse.
 21688 | Swamp:1  | 21688 ||| SWAPPING to +3 war axe of flaming.
 21691 | Swamp:1  | 21691 ||| SWAPPING to +6 broad axe of electrocution.
 21759 | Swamp:1  | 21759 ||| READING scroll of enchant weapon.
 21759 | Swamp:1  | 21759 ||| ENCHANTING +6 broad axe of electrocution.
 21836 | Swamp:1  | 21836 ||| INVOKING Heroism.
 21837 | Swamp:1  | 21837 ||| INVOKING Finesse.
 21839 | Swamp:1  | 21839 ||| SWAPPING to +3 war axe of flaming.
 21844 | Swamp:1  | 21844 ||| SWAPPING to +7 broad axe of electrocution.
 21966 | Swamp:1  | 21966 ||| INVOKING Heroism.
 22018 | Swamp:1  | 22018 ||| Stepping ~*~*~tactically~*~*~ (hiding).
 22240 | Swamp:1  | 22240 ||| DROPPING +0 acid dragon scales.
 22241 | Swamp:1  | 22241 ||| READING scroll labelled DEONWE HUPNY.
 22242 | Swamp:1  | 22242 ||| READING scroll labelled ICLIABRUULA.
 22286 | Swamp:2  | 22286 ||| INVOKING Heroism.
 22332 | Swamp:2  | 22332 ||| INVOKING Heroism.
 22400 | Swamp:2  | Noticed a fenstrider witch
 22401 | Swamp:2  | 22401 ||| INVOKING Heroism.
 22402 | Swamp:2  | Paralysed by a fenstrider witch for 5 turns
 22410 | Swamp:2  | Killed a fenstrider witch
 22624 | Swamp:2  | Reached skill level 17 in Axes
 22641 | Swamp:2  | 22641 ||| FLEEEEING.
 22642 | Swamp:2  | 22642 ||| FLEEEEING.
 22643 | Swamp:2  | 22643 ||| FLEEEEING.
 22644 | Swamp:2  | 22644 ||| FLEEEEING.
 22645 | Swamp:2  | 22645 ||| FLEEEEING.
 22647 | Swamp:2  | 22647 ||| FLEEEEING.
 22648 | Swamp:2  | 22648 ||| FLEEEEING.
 22649 | Swamp:2  | 22649 ||| FLEEEEING.
 22650 | Swamp:2  | 22650 ||| FLEEEEING.
 22810 | Swamp:2  | 22810 ||| INVOKING Heroism.
 22815 | Swamp:2  | Received a gift from Okawaru
 22885 | Swamp:2  | 22885 ||| INVOKING Heroism.
 22886 | Swamp:2  | 22886 ||| INVOKING Finesse.
 22889 | Swamp:2  | 22889 ||| SWAPPING to +3 war axe of flaming.
 22893 | Swamp:2  | 22893 ||| SWAPPING to +7 broad axe of chaos.
 22960 | Swamp:2  | 22960 ||| INVOKING Heroism.
 22961 | Swamp:2  | 22961 ||| INVOKING Finesse.
 22966 | Swamp:2  | 22966 ||| SWAPPING to +3 war axe of flaming.
 22978 | Swamp:2  | 22978 ||| SWAPPING to +7 broad axe of chaos.
 23034 | Swamp:2  | 23034 ||| Stepping ~*~*~tactically~*~*~ (hiding).
 23238 | Swamp:2  | 23238 ||| Stepping ~*~*~tactically~*~*~ (cloud).
 23316 | Swamp:2  | Noticed Mlioglotl
 23317 | Swamp:2  | Noticed a bone dragon
 23317 | Swamp:2  | 23317 ||| INVOKING Heroism.
 23318 | Swamp:2  | 23318 ||| INVOKING Finesse.
 23333 | Swamp:2  | Killed Mlioglotl
 23560 | Swamp:3  | 23560 ||| INVOKING Heroism.
 23561 | Swamp:3  | 23561 ||| STAIRDANCE
 23574 | Swamp:3  | 23574 ||| STAIRDANCE
 23616 | Swamp:3  | 23616 ||| STAIRDANCE
 23617 | Swamp:3  | 23617 ||| INVOKING Heroism.
 23635 | Swamp:3  | HP: 24/104 [acid (8)]
 23636 | Swamp:3  | 23636 ||| READING 7 scrolls of teleportation.
 23637 | Swamp:3  | 23637 ||| DRINKING potion of heal wounds.
 23639 | Swamp:3  | Noticed a thorn hunter
 23640 | Swamp:3  | 23640 ||| INVOKING Finesse.
 23643 | Swamp:3  | HP: 10/104 [thorn hunter/volley of thorns (33)]
 23644 | Swamp:3  | 23644 ||| READING 6 scrolls of teleportation.
 23644 | Swamp:3  | Slain by a thorn hunter

Levels and vault maps discovered:
D:1:      dpeg_arrival_rhombi, layout_loops_corners,
          shapermc_ecumenical_altar_pompeii, corexii_item_surrounded_by_moat
D:2:      layout_basic
D:3:      layout_loops_ring, mainiacjoe_overflow_alcove_2, cheibriados_altar_1
D:4:      minmay_chambers_of_twos, layout_loops_ring,
          mainiacjoe_overflow_six_doors_small,
          mainiacjoe_overflow_small_starburst, minmay_temple_entry_proselytizer
D:5:      layout_cave_pods, mainiacjoe_overflow_cross_hatched,
          mainiacjoe_overflow_catwalk, gammafunk_ghost_stat_death,
          nicolae_stop_n_shop_2
D:6:      layout_basic, amcnicky_altar_gilded, eat_drink_and_be_merry_uskayaw,
          serial_shops, nicolae_shop_waterfront
D:7:      layout_rooms
D:8:      layout_rooms, erik_lair_orcish_takeover, special_room
          [special_room_orc], uniq_prince_ribbit1
D:9:      layout_roguey, old_standard_altar
D:10:     layout_irregular_city, enter_bailey_4
D:11:     layout_cave_pods, zombieorc1_lemuel, serial_shops, shop_statue, shop,
          nicolae_shop_trees, shop_statue
D:12:     layout_irregular_city, portal_ice_cave_entry_imps
D:13:     layout_loops_cross, grunt_vaults_entry_tiered
D:14:     layout_long_grid, nicolae_trove_entry_columns,
          hangedman_decor_opposing, minmay_misc_feat_chi, grunt_ministairs_15,
          hex_large, uniq_agnes, uniq_nessos
D:15:     gammafunk_enter_depths_forms, layout_gridville, gammafunk_ghost_split,
          dk_noncrumbling_3
Temple:   hellmonk_temple_forest_ring
Lair:1:   layout_cave_shapes, grunt_megastairs_1, infiniplex_staircase_pool_2,
          serial_bayou_shore_a
Lair:2:   layout_hall_layers, swamp_mist, guppyfry_snake_entry_island,
          chequers_serial_rivers_micro_a
Lair:3:   layout_misc_corridors, gammafunk_ghost_cemetery, lemuel_fruit_tree,
          serial_bayou_shore_b
Lair:4:   layout_cellular_growth, slime_entry_1, nicolae_volcano_entry_batcave,
          uniq_urug
Lair:5:   hellmonk_lair_end_abyssal_woods, layout_regular_city,
          gauntlet_entry_generic
Swamp:1:  layout_basic_swamp, nicolae_swamp_feature_on_the_river_bank
Swamp:2:  layout_basic_swamp, evilmike_swamp_ruin_rubble_1,
          infiniplex_staircase_pool, uniq_mlioglotl
Swamp:3:  layout_falls_marsh, evilmike_swamp_ruin_house_4, uniq_donald
Orc:1:    cheibrodos_orc_guarddog, layout_caves
Orc:2:    st_orc_rangers, layout_caves

Skill      XL: |  1  2  3  4  5  6  7  8  9 10 11 12 13 14 15 16 |
---------------+-------------------------------------------------+-----
Axes           | 2 3 4 5 6 8 9 11 12 13 15 16 17 | 17.0
Throwing       | 1 2 3 4 5 6 7 |  7.0
Fighting       | 4 5 7 8 9 10 11 12 13 | 13.0
Armour         | 4 6 7 9 10 11 12 13 | 13.0
Invocations    | 3 4 6 9 10 | 10.0
Dodging        | 1 2 3 4 |  4.2
Shields        | 4 5 10 11 12 13 | 13.0

Action                   |  1- 3 |  4- 6 |  7- 9 | 10-12 | 13-15 | 16-18 || total
-------------------------+-------+-------+-------+-------+-------+-------++-------
Melee: War axe           |   103 |    92 |   244 |    42 |     9 |    16 ||   506
       Broad axe         |       |       |       |   450 |   986 |   266 ||  1702
Throw: Javelin           |    15 |    21 |    14 |    32 |   218 |    51 ||   351
       Boomerang         |       |       |    28 |    79 |    29 |       ||   136
Invok: Heroism           |       |       |    14 |    30 |    36 |    17 ||    97
       Finesse           |       |       |       |     3 |     6 |     6 ||    15
  Use: Scroll            |     7 |     2 |       |    11 |     7 |     5 ||    32
       Potion            |     3 |       |     3 |     4 |     4 |     1 ||    15
 Stab: Confused          |       |       |       |       |       |     1 ||     1
Armor: Scale mail        |    51 |     2 |       |       |       |       ||    53
       Plate armour      |       |    63 |   204 |   285 |   454 |   146 ||  1152
Dodge: Dodged            |    42 |    30 |    84 |   131 |   390 |    99 ||   776
Block: Buckler           |    13 |    13 |    50 |    72 |       |       ||   148
       Kite shield       |       |       |       |   110 |   570 |   244 ||   924
       Reflection        |       |       |       |       |       |     1 ||     1

Table legend:
 A = Non-vault XP
 B = Vault XP
 C = Vault XP percentage of total XP
 D = Non-vault monster count
 E = Vault monster count
 F = Vault count percentage of total count
                 A         B        C        D         E       F
            +---------+---------+-------+---------+---------+-------
      Total |  126695 |   41694 |  24.8 |     561 |     225 |  28.6
            +---------+---------+-------+---------+---------+-------
        D:1 |      35 |       0 |   0.0 |      19 |       0 |   0.0
        D:2 |      30 |       0 |   0.0 |      10 |       0 |   0.0
        D:3 |      49 |       0 |   0.0 |      15 |       0 |   0.0
        D:4 |     528 |     226 |  30.0 |      30 |       9 |  23.1
        D:5 |     660 |       0 |   0.0 |      17 |       0 |   0.0
        D:6 |    1040 |       0 |   0.0 |      25 |       0 |   0.0
        D:7 |    1494 |       0 |   0.0 |      24 |       0 |   0.0
        D:8 |     782 |    1568 |  66.7 |       8 |      35 |  81.4
        D:9 |     396 |       0 |   0.0 |      11 |       0 |   0.0
       D:10 |    7717 |      10 |   0.1 |      39 |       5 |  11.4
       D:11 |    2585 |     650 |  20.1 |      22 |      28 |  56.0
       D:12 |    6998 |     123 |   1.7 |      31 |      12 |  27.9
       D:13 |    4004 |    7329 |  64.7 |       6 |      25 |  80.6
       D:14 |   13361 |    6444 |  32.5 |      25 |       9 |  26.5
       D:15 |    6722 |    4595 |  40.6 |      23 |       9 |  28.1
     Lair:1 |    2977 |     556 |  15.7 |       9 |       3 |  25.0
     Lair:2 |    7764 |     479 |   5.8 |      31 |       3 |   8.8
     Lair:3 |    8247 |       0 |   0.0 |      27 |       0 |   0.0
     Lair:4 |   10025 |    1394 |  12.2 |      20 |       4 |  16.7
     Lair:5 |   15987 |   10895 |  40.5 |      55 |      37 |  40.2
    Swamp:1 |    7564 |       0 |   0.0 |      14 |       0 |   0.0
    Swamp:2 |   20410 |    1846 |   8.3 |      38 |       1 |   2.6
    Swamp:3 |    2303 |       0 |   0.0 |       5 |       0 |   0.0
      Orc:1 |    2777 |     658 |  19.2 |      33 |       4 |  10.8
      Orc:2 |    2240 |    4921 |  68.7 |      24 |      41 |  63.1
            +---------+---------+-------+---------+---------+-------
